 Dungeon Crawl Stone Soup version 0.23-a0-183-gf37f6fb (webtiles) character file.

529 iamserjio the Ruffian (level 7, 57/57 HPs)
             Began as a Red Draconian Wanderer on Sept 22, 2018.
             Was an Initiate of Makhleb.
             Quit the game on level 4 of the Dungeon.
             The game lasted 00:08:24 (3892 turns).

iamserjio the Ruffian (Red Draconian Wanderer)      Turns: 3892, Time: 00:08:25

Health: 57/57      AC:  6    Str: 14    XL:     7   Next: 3%
Magic:  7/7        EV: 12    Int: 12    God:    Makhleb [......]
Gold:   153        SH:  0    Dex: 13    Spells: 6/6 levels left

rFire    + . .     SeeInvis .     - Unarmed
rCold    . . .     Gourm    .   (no shield)
rNeg     . . .     Faith    .   (armour unavailable)
rPois    .         Spirit   .   (helmet restricted)
rElec    .         Reflect  .   (no cloak)
rCorr    .         Harm     .   (no gloves)
MR       .....                  (no boots)
Stlth    ++........             (no amulet)
HPRegen  0.19/turn              (no ring)
MPRegen  0.10/turn              (no ring)

@: no status effects
A: breathe fire, unfitting armour, fire resistance 1, cold-blooded, AC +6
a: Breathe Fire, Renounce Religion


You were on level 4 of the Dungeon.
You worshipped Makhleb.
Makhleb was noncommittal.
You were not hungry.

You visited 1 branch of the dungeon, and saw 4 of its levels.

You collected 153 gold pieces.

Inventory:

Hand Weapons
 a - a +2 dagger
 c - a +0 spear
 e - a +2 dagger of speed
 k - a +0 hunting sling
 o - a +0 whip of freezing
Missiles
 h - 64 sling bullets
 j - 6 stones (quivered)
Scrolls
 d - a scroll of enchant armour {unknown}
 i - 2 scrolls of remove curse {unknown}
 m - 2 scrolls of immolation {unknown}
 n - 2 scrolls of identify {unknown}
 s - a scroll of magic mapping {unknown}
Potions
 b - a potion of berserk rage
 g - a potion of haste {unknown}
 l - a potion of heal wounds {unknown}
 p - 2 potions of flight {unknown}
 q - 2 potions of lignification
Comestibles
 f - 6 rations
 r - 2 chunks of flesh


   Skills:
 - Level 3.2 Fighting
 - Level 1.0 Polearms
 - Level 2.0 Dodging
 - Level 2.6 Stealth
   Level 1.0 Shields
 * Level 7.3 Unarmed Combat


You had 6 spell levels left.
You didn't know any spells.
Your spell library was empty.

Dungeon Overview and Level Annotations

Branches:
Dungeon (4/15)
 Temple: D:4-7

Altars:
Dithmenos
Hepliaklqana
Makhleb
Ru
Vehumet
Xom

Annotations:
D:3 3 runed doors, Nib's ghost, amateur FoFi


Innate Abilities, Weirdness & Mutations

You can breathe blasts of fire.
Your fiery red scales are hard. (AC +6)
You cannot fit into any form of body armour.
Your flesh is heat resistant. (rF+)
You are cold-blooded and may be slowed by cold attacks.


Message History

You kill the ogre!
Makhleb accepts your kill.
Your Unarmed Combat skill increases to level 7!
You have reached level 7!
Your scales start taking on a fiery red colour.
You learn Fire Magic much quicker.
You learn Ice Magic much slower.
You can breathe blasts of fire.
You feel resistant to heat.
Things that are here:
a giant spiked club; an ogre corpse You butcher the ogre corpse.
r - 3 chunks of flesh (gained 2)
You see here a giant spiked club.
You start resting.
Some of the chunks of flesh in your inventory have rotted away.
HP restored.
h - 61 sling bullets (gained 1)
h - 62 sling bullets (gained 1)
h - 63 sling bullets (gained 1)
h - 64 sling bullets (gained

1) #.#...#
..#
#.#...###..#
#..........
###...####.
#####)..#####
#...........#
#............
#.....).###..
#....@..# #
#.......#
#.......#
#.......#
#.......#
#.......#
#.......#
#######.. .##


There were no monsters in sight!

Vanquished Creatures
  A sky beast (D:2)
  An ogre (D:4)
  A crimson imp (D:3)
  2 orc priests (D:3)
  An orc wizard (D:3)
  Natasha (thrice) (D:3)
  9 adders
  3 worms
  A dart slug (D:1)
  A leopard gecko (D:1)
  8 orcs
  5 giant cockroaches
  8 hobgoblins
  2 quokkas
  A ball python (D:3)
  7 bats
  4 frilled lizards
  2 goblins
  10 kobolds
  5 rats
75 creatures vanquished.

Notes
Turn   | Place    | Note
-------+----------+-------------------------------------------
     0 | D:1      | iamserjio the Draconian Wanderer began the quest for the
                  | Orb.
     0 | D:1      | iamserjio set off with: a +2 dagger, a potion of berserk
                  | rage, a +0 spear, a potion of lignification, a ration
     0 | D:1      | Reached XP level 1. HP: 19/19 MP: 1/1
   217 | D:1      | Reached skill level 1 in Unarmed Combat
   366 | D:1      | Reached XP level 2. HP: 25/26 MP: 2/2
   506 | D:1      | Reached skill level 2 in Unarmed Combat
   884 | D:2      | Found a shimmering altar of Xom.
   884 | D:2      | Found a hazy altar of Hepliaklqana.
   887 | D:2      | Noticed a sky beast
   904 | D:2      | Reached XP level 3. HP: 21/31 MP: 3/3
   917 | D:2      | Killed a sky beast
   917 | D:2      | Reached skill level 4 in Unarmed Combat
   917 | D:2      | Reached XP level 4. HP: 27/38 MP: 4/4
  1143 | D:2      | Reached XP level 5. HP: 18/45 MP: 5/5
  1613 | D:2      | Found a shadowy altar of Dithmenos.
  1618 | D:2      | Found a sacrificial altar of Ru.
  1640 | D:2      | Became a worshipper of Ru the Awakened
  1851 | D:3      | Reached skill level 5 in Unarmed Combat
  1863 | D:3      | Noticed Natasha
  1883 | D:3      | Killed Natasha
  2277 | D:3      | Noticed Nib's ghost (amateur FoFi)
  2278 | D:3      | Noticed Natasha
  2287 | D:3      | Killed Natasha
  2287 | D:3      | Reached XP level 6. HP: 44/51 MP: 6/6
  2310 | D:3      | Found a runed gate.
  2310 | D:3      | Found a runed gate.
  2310 | D:3      | Found a runed gate.
  2413 | D:3      | Reached skill level 6 in Unarmed Combat
  2509 | D:3      | Noticed Natasha
  2518 | D:3      | Killed Natasha
  3069 | D:3      | Found a burning altar of Makhleb.
  3070 | D:3      | Found a radiant altar of Vehumet.
  3682 | D:3      | Fell from the grace of Ru
  3682 | D:3      | Became a worshipper of Makhleb the Destroyer
  3773 | D:4      | Reached skill level 7 in Unarmed Combat
  3773 | D:4      | Your scales start taking on a fiery red colour.
  3773 | D:4      | Reached XP level 7. HP: 36/57 MP: 7/7
  3773 | D:4      | Gained mutation: Your flesh is heat resistant. (rF+) [Red
                  | Draconian growth]
  3892 | D:4      | Quit the game

Vault maps used:
D:1:      erik_arrival_cave_to_civilisation, minmay_misc_feat_secret_circle
D:2:      grunt_temple_overflow_open
D:3:      grunt_temple_overflow_lords_of_destruction, first_ration,
          gammafunk_ghost_split, uniq_natasha
D:4:      due_unseen_surprise

Skill      XL: |  1  2  3  4  5  6 |
---------------+-------------------+-----
Dodging        | 2 |  2.0
Unarmed Combat | 1 2 4 5 7 |  7.3
Fighting       | |  3.2
Polearms       | |  1.0
Stealth        | |  2.6
Shields        | |  1.0

Action                   |  1- 3 |  4- 6 |  7- 9 || total
-------------------------+-------+-------+-------++-------
Melee: Dagger            |    47 |       |       ||    47
       Tailslap          |     8 |    30 |       ||    38
       Whip              |    10 |       |       ||    10
       Unarmed           |     8 |   225 |       ||   233
       Punch             |       |     1 |       ||     1
 Fire: Hunting sling     |       |     4 |       ||     4
  Use: Potion            |     1 |       |       ||     1
 Stab: Sleeping          |     4 |     8 |       ||    12
       Distracted        |       |     1 |       ||     1
  Eat: Chunk             |       |     6 |       ||     6
       Ration            |       |     1 |       ||     1
Armor: Skin              |    19 |    41 |       ||    60
Dodge: Dodged            |    24 |   101 |       ||   125

Table legend:
 A = Non-vault XP
 B = Vault XP
 C = Vault XP percentage of total XP
 D = Non-vault monster count
 E = Vault monster count
 F = Vault count percentage of total count
                 A         B        C        D         E       F
            +---------+---------+-------+---------+---------+-------
      Total |     666 |      91 |  12.0 |      71 |       4 |   5.3
            +---------+---------+-------+---------+---------+-------
        D:1 |      25 |       6 |  19.4 |      16 |       2 |  11.1
        D:2 |     233 |       0 |   0.0 |      23 |       0 |   0.0
        D:3 |     270 |      85 |  23.9 |      27 |       2 |   6.9
        D:4 |     138 |       0 |   0.0 |       5 |       0 |   0.0
            +---------+---------+-------+---------+---------+-------
